Map: [ESL] Alcyone

Players

Serral - Winner!

  • Race: Zerg Zerg
  • Spawn Location: 7:00

Kelazhur

  • Race: Terran Terran
  • Spawn Location: 1:00

Event: IEM Katowice 2024

VOD

Have the link to the VOD?

Description

Time

  • Played on: Feb. 8, 2024, 10:40 a.m.
  • Length: 17:49

All games in this series

Show
View Real Time Build Order
Export as new Build Order

Serral Zerg - Winner!

Build Orders: Pool First, Swarm Host 

Get SALT Encoding   

  12  0:00  Drone  
  13  0:12  Overlord  
  13  0:16  Drone  
  14  0:30  Drone x2  
  14  0:34  Drone  
  17  0:44  Extractor, Drone  
  17  0:48  Spawning Pool  
  16  0:55  Drone  
  17  1:06  Drone  
  18  1:17  Hatchery  
  17  1:20  Drone  
  18  1:35  Zergling x2, Queen  
  18  1:39  Zergling x2  
  22  1:45  Metabolic Boost  
  22  1:52  Overlord  
  22  2:10  Drone, Queen  
  22  2:11  Drone  
  26  2:23  Drone  
  27  2:30  Drone, Queen  
  27  2:31  Overlord  
  30  2:40  Drone  
  30  2:43  Drone x3  
  34  2:49  Drone  
  35  2:52  Drone  
  36  3:01  Hatchery  
  36  3:03  Drone  
  36  3:05  Drone  
  36  3:16  Drone  
  36  3:17  Drone x3  
  36  3:18  Overlord  
  40  3:24  Drone x2  
  42  3:27  Drone  
  42  3:32  Roach Warren  
  42  3:34  Queen  
  42  3:38  Queen  
  46  3:42  Overlord  
  46  3:45  Drone x2  
  47  3:49  Overlord  
  47  3:51  Drone  
  47  3:53  Drone  
  49  3:56  Overlord  
  49  3:58  Drone  
  49  4:00  Drone  
  49  4:02  Overlord  
  51  4:14  Roach x5  
  61  4:18  Roach  
  61  4:19  Roach  
  65  4:25  Drone x4  
  65  4:28  Extractor  
  65  4:29  Queen  
  70  4:33  Drone x2  
  72  4:38  Overlord  
  72  4:40  Drone x3  
  72  4:45  Overlord  
  75  4:46  Drone x2  
  75  4:50  Overlord  
  75  4:51  Drone x2  
  79  4:55  Lair  
  79  4:57  Overlord  
  79  4:58  Drone  
  80  5:01  Drone x2  
  80  5:04  Overlord  
  80  5:05  Drone  
  83  5:09  Extractor  
  83  5:11  Extractor, Drone, Overlord  
  83  5:12  Drone  
  83  5:14  Drone x2  
  84  5:19  Drone, Overlord  
  86  5:22  Drone x2  
  86  5:26  Spore Crawler  
  87  5:30  Spore Crawler x2  
  87  5:33  Drone x4  
  89  5:35  Drone  
  89  5:39  Drone  
  89  5:41  Overlord  
  91  5:43  Drone x3  
  91  5:44  Drone  
  91  5:46  Drone x3  
  98  5:50  Hatchery  
  98  5:52  Queen  
  98  5:53  Overseer  
  98  5:55  Glial Reconstitution  
  99  5:57  Drone x2  
  99  6:00  Extractor  
  99  6:01  Extractor  
  99  6:02  Drone x4  
  99  6:03  Overseer  
  103  6:06  Pneumatized Carapace  
  103  6:11  Evolution Chamber  
  102  6:12  Roach  
  102  6:13  Roach, Evolution Chamber  
  102  6:15  Overlord  
  105  6:21  Infestation Pit  
  105  6:23  Roach x4  
  112  6:28  Overlord  
  112  6:32  Roach x2  
  116  6:34  Overlord  
  116  6:37  Zerg Missile Weapons Level 1  
  112  6:41  Zerg Ground Armor Level 1  
  111  6:54  Drone  
  111  6:56  Drone x2  
  111  7:00  Drone  
  115  7:03  Nydus Network, Swarm Host x4  
  115  7:05  Drone x5  
  115  7:06  Drone x2  
  115  7:08  Drone, Spore Crawler  
  133  7:10  Swarm Host  
  133  7:11  Swarm Host  
  139  7:17  Drone, Spore Crawler  
  139  7:18  Drone, Extractor  
  139  7:20  Swarm Host x2  
  145  7:24  Overseer, Overlord  
  145  7:25  Extractor  
  145  7:28  Queen  
  146  7:32  Drone x2  
  146  7:33  Swarm Host x2  
  154  7:40  Nydus Canal  
  154  7:44  Overlord  
  154  7:46  Overlord x2  
  154  7:47  Overlord x2  
  154  7:48  Hive  
  154  7:53  Roach x3  
  160  8:07  Ravager x2  
  160  8:08  Ravager  
  160  8:09  Drone x2, Overseer  
  160  8:11  Roach  
  160  8:12  Roach x2, Hydralisk Den  
  168  8:18  Nydus Canal  
  168  8:20  Hatchery  
  168  8:24  Drone  
  168  8:32  Zergling x18  
  177  8:36  Overseer  
  177  8:42  Nydus Canal, Grooved Spines  
  177  8:43  Zerg Missile Weapons Level 2  
  177  8:44  Zerg Ground Armor Level 2  
  177  8:48  Zergling x2  
  177  8:49  Zergling x12  
  177  8:50  Baneling Nest  
  183  9:02  Spire  
  182  9:05  Nydus Canal  
  179  9:19  Hydralisk x8  
  179  9:23  Nydus Canal  
  195  9:33  Muscular Augments  
  195  9:36  Viper, Hatchery  
  180  9:46  Viper  
  180  9:50  Drone  
  180  9:51  Zergling x16  
  180  9:52  Zergling x6  
  192  9:54  Viper  
  192  9:59  Nydus Canal  
  193  10:06  Drone x7  
  200  10:11  Centrifugal Hooks  
  200  10:18  Hydralisk  
  200  10:19  Extractor  
  200  10:20  Extractor  
  196  10:22  Overseer  
  196  10:23  Greater Spire  
  196  10:25  Drone  
  196  10:26  Drone x2  
  196  10:27  Hatchery  
  190  10:35  Hydralisk x2  
  192  10:36  Zergling x12  
  192  10:42  Nydus Canal  
  200  10:48  Hydralisk x2  
  200  10:49  Zergling x10  
  197  10:56  Zergling x12  
  200  11:07  Nydus Canal  
  185  11:22  Zergling x26  
  185  11:23  Nydus Canal  
  198  11:30  Baneling x11  
  188  11:40  Nydus Canal  
  188  11:41  Zergling x28  
  192  11:47  Hydralisk x2  
  192  11:48  Zergling x8  
  192  11:51  Zerg Melee Weapons Level 1, Zerg Flyer Weapons Level 1  
  192  11:54  Zerg Missile Weapons Level 3, Hatchery  
  198  11:58  Nydus Canal  
  198  11:59  Zergling x2  
  198  12:00  Zergling x8  
  197  12:13  Zergling x2  
  197  12:14  Zergling x32  
  193  12:16  Overseer  
  193  12:17  Zergling x2, Hydralisk x3  
  193  12:18  Zergling x10  
  184  12:32  Zergling x2, Hydralisk x2  
  184  12:33  Zergling x12, Nydus Canal  
  184  12:36  Baneling  
  184  12:37  Baneling x20  
  195  12:42  Drone x4  
  199  13:00  Overseer x2  
  199  13:04  Hydralisk x3  
  199  13:05  Zergling x32  
  192  13:13  Nydus Canal  
  192  13:15  Zergling x14  
  199  13:22  Baneling x9  
  199  13:27  Adrenal Glands  
  199  13:28  Ultralisk Cavern  
  199  13:33  Nydus Canal  
  198  13:36  Zergling x2  
  198  13:38  Baneling x6  
  199  13:55  Zergling x30  
  194  13:56  Zergling x4  
  194  13:58  Hydralisk x2  
  194  13:59  Zergling x14  
  197  14:04  Nydus Canal  
  197  14:08  Zerg Flyer Weapons Level 2  
  196  14:12  Unknown  
  196  14:13  Drone x3, Spine Crawler x2  
  196  14:15  Baneling  
  196  14:16  Chitinous Plating, Baneling x8  
  196  14:17  Zerg Melee Weapons Level 2  
  196  14:18  Neural Parasite  
  196  14:20  Zergling x6  
  196  14:23  Viper  
  196  14:24  Viper  
  193  14:31  Zerg Ground Armor Level 3  
  194  14:41  Zergling x8  
  194  14:42  Zergling x36  
  198  14:55  Baneling x11  
  198  14:57  Zergling x4  
  193  15:21  Hydralisk x2  
  193  15:22  Zergling x10  
  197  15:32  Zergling x32  
  197  15:34  Anabolic Synthesis  
  193  15:39  Corruptor x6  
  193  15:42  Baneling x10  
  198  15:44  Nydus Canal  
  176  16:11  Brood Lord x4, Corruptor x3  
  176  16:12  Corruptor x2, Brood Lord x2  
  178  16:22  Zergling x2  
  178  16:23  Zergling x20  
  179  16:38  Zergling x8  
  179  16:39  Zergling x4  
  185  16:46  Brood Lord x5  
  195  16:48  Baneling x2  
  195  16:49  Baneling x4  
  195  16:50  Viper  
  198  16:59  Zergling x4  
  200  17:06  Baneling x7  
  200  17:10  Nydus Canal  
  200  17:30  Nydus Canal  
Show
View Real Time Build Order
Export as new Build Order

Kelazhur Terran 

Build Orders: Command Center First, Mech 

Get SALT Encoding   

  12  0:00  SCV  
  13  0:12  SCV  
  14  0:16  Supply Depot  
  14  0:24  SCV  
  15  0:38  SCV  
  16  0:50  SCV  
  17  0:58  Command Center  
  17  1:02  SCV  
  18  1:12  Barracks  
  18  1:14  SCV  
  19  1:20  Refinery  
  19  1:27  SCV  
  20  1:39  SCV  
  21  1:51  SCV  
  22  1:59  Marine  
  23  2:03  Orbital Command  
  23  2:09  Orbital Command  
  23  2:16  Marine  
  23  2:20  Factory  
  24  2:28  SCV  
  25  2:32  Command Center  
  25  2:36  SCV  
  26  2:39  Barracks Reactor  
  26  2:41  SCV  
  27  2:48  SCV, Refinery  
  28  2:53  SCV  
  29  3:00  SCV  
  29  3:05  SCV, Supply Depot  
  31  3:12  SCV  
  31  3:17  SCV  
  36  3:20  Cyclone x2  
  36  3:24  SCV  
  36  3:29  SCV  
  37  3:36  SCV  
  38  3:41  SCV  
  38  3:43  Refinery x2  
  40  3:48  Starport  
  40  3:49  SCV  
  40  3:50  Orbital Command  
  40  3:53  Hellion x2, SCV  
  45  3:57  Barracks Tech Lab  
  45  4:00  Supply Depot  
  45  4:01  SCV  
  46  4:05  SCV  
  47  4:13  SCV  
  47  4:15  Factory  
  50  4:17  SCV  
  50  4:19  Hellion x2  
  50  4:20  SCV  
  54  4:25  SCV  
  54  4:26  Supply Depot  
  54  4:29  SCV  
  56  4:32  SCV  
  56  4:33  Banshee, Cloaking Field  
  56  4:37  SCV  
  61  4:42  SCV  
  61  4:44  Barracks Tech Lab, SCV  
  63  4:46  Cyclone  
  63  4:49  SCV  
  63  4:51  Cyclone  
  68  4:54  SCV  
  68  4:56  SCV  
  70  5:01  SCV  
  70  5:05  Supply Depot  
  70  5:06  SCV  
  72  5:08  Orbital Command  
  72  5:10  Supply Depot  
  72  5:13  SCV  
  73  5:18  SCV  
  73  5:19  Banshee  
  77  5:25  Hurricane Engines  
  77  5:27  Cyclone x2, SCV  
  77  5:28  Siege Tank  
  85  5:31  SCV  
  85  5:32  Supply Depot  
  85  5:33  Supply Depot x2  
  85  5:35  SCV  
  87  5:39  SCV  
  88  5:45  Factory  
  88  5:47  SCV  
  88  5:48  SCV  
  90  5:51  SCV  
  91  5:59  SCV  
  91  6:00  SCV  
  91  6:02  Armory x2, Supply Depot  
  91  6:03  SCV  
  94  6:04  Banshee  
  94  6:08  Siege Tank  
  100  6:12  Hellion x2  
  100  6:13  SCV x2  
  100  6:16  Refinery  
  100  6:17  Refinery  
  106  6:23  SCV, Supply Depot  
  107  6:26  Barracks Tech Lab, Engineering Bay  
  107  6:30  Factory Tech Lab, SCV  
  107  6:31  SCV  
  109  6:35  SCV  
  109  6:37  Supply Depot  
  110  6:41  Cyclone x2  
  110  6:43  SCV x2  
  116  6:51  Banshee  
  116  6:52  Siege Tank x2  
  126  6:55  Terran Vehicle Weapons Level 1  
  126  7:00  Command Center, SCV x2  
  127  7:02  Supply Depot x2  
  127  7:04  SCV  
  127  7:08  Terran Vehicle And Ship Armor Level 1  
  128  7:18  SCV  
  128  7:21  SCV x2  
  131  7:24  Sensor Tower  
  131  7:27  Factory x2  
  131  7:33  Siege Tank  
  131  7:34  Cyclone  
  136  7:41  Supply Depot, SCV  
  136  7:42  Supply Depot  
  136  7:43  Siege Tank  
  142  7:44  Cyclone  
  142  7:45  SCV  
  143  7:51  SCV  
  144  8:00  Factory  
  142  8:12  Cyclone x4  
  146  8:15  Cyclone  
  146  8:16  Cyclone  
  146  8:17  SCV x2  
  152  8:20  Supply Depot  
  152  8:21  Refinery x2  
  152  8:30  Supply Depot  
  152  8:31  Supply Depot  
  152  8:32  Barracks  
  152  8:33  Barracks  
  152  8:34  Barracks  
  152  8:35  Ghost Academy  
  152  8:40  Infernal Pre-Igniter  
  152  8:47  Supply Depot  
  150  8:50  Planetary Fortress  
  150  8:56  Factory Tech Lab  
  150  8:57  Factory Tech Lab  
  150  8:58  Factory Reactor  
  150  9:00  Siege Tank x2, Cyclone x2  
  160  9:09  Terran Vehicle Weapons Level 2  
  158  9:17  Siege Tank  
  158  9:23  Barracks Tech Lab  
  158  9:24  Barracks Tech Lab  
  161  9:25  Barracks Tech Lab  
  161  9:26  Terran Vehicle And Ship Armor Level 2  
  161  9:31  Hellion  
  161  9:32  Hellion x2  
  161  9:33  Hellion x2  
  165  9:40  SCV  
  156  9:47  Cyclone  
  156  9:48  Ghost, Cyclone  
  156  9:50  Hellion  
  156  9:52  Command Center  
  154  9:53  Siege Tank  
  154  9:56  SCV  
  153  10:00  SCV x3  
  155  10:07  Refinery  
  155  10:08  SCV  
  155  10:12  SCV x3  
  155  10:14  Banshee  
  162  10:18  Ghost x3  
  162  10:20  SCV  
  163  10:24  SCV  
  160  10:30  Missile Turret  
  160  10:31  Command Center x2  
  160  10:33  Missile Turret  
  160  10:36  Sensor Tower  
  160  10:39  Sensor Tower  
  160  10:40  Cyclone x3  
  166  10:47  Ghost  
  158  10:51  Ghost  
  158  10:53  SCV x2  
  158  10:54  SCV  
  150  10:59  Viking  
  150  11:01  Orbital Command  
  147  11:05  SCV x2  
  144  11:14  Ghost  
  144  11:15  Ghost  
  144  11:16  Refinery  
  139  11:21  SCV  
  140  11:31  Missile Turret  
  140  11:33  Sensor Tower  
  140  11:38  Ghost  
  132  11:43  Ghost, Cyclone x2  
  132  11:44  Orbital Command  
  138  11:51  Siege Tank  
  138  11:54  Hellion  
  142  11:56  Cyclone  
  142  11:57  Hellion x3  
  150  12:11  Refinery  
  150  12:15  Hellion x3  
  151  12:18  Hellion x3  
  151  12:19  Banshee  
  154  12:24  Hellion, SCV x5  
  154  12:28  Hellion  
  163  12:30  Ghost x3  
  163  12:36  Hellion x2, SCV x3  
  178  12:37  Hellion  
  178  12:39  Hellion  
  178  12:40  Hellion  
  178  12:41  Orbital Command, Supply Depot x2  
  182  12:44  Command Center  
  182  12:46  Sensor Tower  
  182  12:53  Command Center  
  182  12:57  Siege Tank x2  
  188  13:01  Siege Tank  
  185  13:11  Siege Tank  
  185  13:12  Cyclone x3  
  182  13:13  Command Center  
  182  13:29  Siege Tank x2  
  182  13:33  Siege Tank, Refinery  
  191  13:34  Refinery  
  191  13:38  Planetary Fortress  
  191  13:44  Siege Tank  
  187  13:58  Hellion x2  
  187  14:01  Siege Tank x2  
  175  14:04  SCV  
  175  14:09  Siege Tank  
  176  14:11  Ghost  
  178  14:26  Siege Tank  
  178  14:27  Cyclone x2  
  185  14:33  Siege Tank  
  176  14:43  Siege Tank  
  166  14:47  Neosteel Armor  
  166  14:51  Siege Tank  
  169  14:55  SCV x2  
  169  14:59  Planetary Fortress  
  171  15:09  Sensor Tower  
  171  15:10  Siege Tank  
  174  15:17  Refinery  
  174  15:20  SCV  
  174  15:21  SCV x3  
  166  15:25  Siege Tank  
  156  15:30  Orbital Command  
  156  15:34  Siege Tank x2  
  152  15:42  Siege Tank  
  155  15:51  Cyclone x3  
  161  15:57  Siege Tank  
  161  15:58  Command Center  
  136  16:12  Siege Tank x2  
  136  16:14  Siege Tank  
  136  16:15  SCV  
  135  16:23  Ghost  
  137  16:26  Cyclone  
  137  16:27  SCV x2  
  144  16:35  Supply Depot  
  144  16:42  Command Center  
  147  16:50  Sensor Tower  
  147  16:59  Viking  
  147  17:00  Thor  
  149  17:03  Ghost  

Tags
 
Add a new tag
Caveats
  • Supply blocks, unpowered buildings, or Contaminate may cause inaccurate times.
  • Supply counts are checked every 10 seconds.